 Dungeon Crawl Stone Soup version 0.19-a0-75-g99403da (webtiles) character file.

4086 tyvek the Grappler (level 10, 0/98 HPs)
             Began as a Troll Monk on May 10, 2016.
             Was a High Priest of Makhleb.
             Slain by Joseph
             ... wielding a +3 quarterstaff of speed
              (17 damage)
             ... on level 8 of the Dungeon.
             The game lasted 00:11:37 (5778 turns).

tyvek the Grappler (Troll Monk)                     Turns: 5778, Time: 00:11:37

Health: 0/98       AC:  5    Str: 22    XL:     10   Next: 5%
Magic:  13/13      EV: 12    Int:  6    God:    Makhleb [*****.]
Gold:   656        SH:  0    Dex: 14    Spells: 0 memorised, 9 levels left

rFire  + . .     SeeInvis .       - Unarmed
rCold  . . .     Gourm    +     a - +0 robe
rNeg   . . .     Faith    +     (no shield)
rPois  .         Spirit   .     (helmet restricted)
rElec  .         Dismiss  .     (no cloak)
rCorr  .         Reflect  .     (gloves unavailable)
SustAt .         Harm     .     (boots unavailable)
MR     .....                    y - amulet of faith {Faith, !P}
Stlth  ++........               A - ring of protection from fire {rF+, !d}
                                B - +4 ring of slaying

@: drained, not resistant to hostile enchantments, unstealthy
A: unfitting armour, claws 3, fast metabolism 3, gourmand, regeneration 2,
shaggy fur 1, tough skin 2
a: Minor Destruction, Lesser Servant of Makhleb, Major Destruction, Greater
Servant of Makhleb, Renounce Religion


You were on level 8 of the Dungeon.
You worshipped Makhleb.
Makhleb was extremely pleased with you.
You were very full.

You visited 2 branches of the dungeon, and saw 9 of its levels.
You also visited: Ossuary.

You collected 656 gold pieces.

Inventory:

Armour
 a - a +0 robe (worn)
 z - a +0 cloak
   (You took it off Maurice on level 8 of the Dungeon)
Jewellery
 y - an amulet of faith (around neck) {Faith, !P}
   (You found it on level 4 of the Dungeon)
 A - a ring of protection from fire (right claw) {rF+, !d}
   (You found it on level 4 of the Dungeon)
 B - a +4 ring of slaying (left claw)
   (You found it on level 5 of the Dungeon)
Wands
 n - a wand of paralysis (13/24)
   (You found it on level 2 of the Dungeon)
 C - a wand of iceblast (6/15)
   (You took it off Maurice on level 8 of the Dungeon)
Scrolls
 g - 3 scrolls of magic mapping {!r}
 i - a scroll of remove curse
 j - 7 scrolls of teleportation
 q - 2 scrolls of identify
 r - a scroll of recharging
Potions
 c - 2 potions of brilliance
 d - 5 potions of curing
 e - 3 potions of haste
 l - a potion of might {unknown}
 m - 2 potions of magic
 o - a potion of flight {unknown}
 p - 2 potions of agility {unknown}
 t - 2 potions of heal wounds
Books
 w - a Young Poisoner's Handbook
   (You found it on level 4 of the Dungeon)
 x - a book of Summonings
   (You found it on level 4 of the Dungeon)
Comestibles
 b - 7 bread rations {@e1}
 f - a meat ration {@e2}
 h - a royal jelly
 k - 5 fruits
 s - a chunk of flesh {@w0}
 u - a slice of pizza
 v - a beef jerky


   Skills:
 + Level 5.9(5.7) Fighting
 + Level 6.0(5.8) Dodging
 - Level 1.1(0.9) Stealth
 * Level 10.1(9.8) Unarmed Combat
 + Level 5.7(5.5) Invocations


You had 9 spell levels left.
You didn't know any spells.

Dungeon Overview and Level Annotations

Branches:
Dungeon (8/15)             Temple (1/1) D:7
   Lair: D:8-11

Altars:
Ashenzari
Cheibriados
Dithmenos
Elyvilon
Fedhas
Gozag
Kikubaaqudgha
Makhleb
Nemelex Xobeh
Okawaru
Pakellas
Qazlal
Ru
Sif Muna
Trog
Vehumet
Xom
Yredelemnul
Zin
The Shining One

Annotations:
D:8 Joseph


Innate Abilities, Weirdness & Mutations

You are too large for most types of armour.
You have claws for hands.
Your metabolism is lightning-fast.
You like to eat raw meat.
You heal very quickly.
You are covered in fur (AC +1).
You have very tough skin (AC +2).


Message History

a dagger; a robe
Items here: ))) [[ ÷ a war axe; a mace; a ring mail; a short sword; a ring mail; an orc skeleton A hound comes into view.
Health restored: 98 A hound is nearby!
A hound is nearby!
A hound is nearby!
You catch the helpless hound momentarily off-guard.
You claw the hound! The hound closely misses you.
You mangle the hound!!
You kill the hound!
Makhleb accepts your kill.
No target in view!
An ice beast, an orc and an orc priest come into view.
The orc priest shouts!
An orc wizard comes into view. It is wielding a dagger.
There are monsters nearby!
There are monsters nearby!
There are monsters nearby!
An orc and Joseph come into view.
The orc priest calls down the wrath of Beogh upon you.
Beogh smites you!
Found a scroll labeled DAEPLALLIE.
Found a stone staircase leading down.
An iguana comes into view.
You take 14 damage, and have 84/98 hp.
The orc shouts!
The orc priest invokes the aid of Beogh against you.
Beogh smites you!
You hear an angry hiss.
You hear a shout!
You take 8 damage, and have 78/98 hp.
Joseph shouts!
The iguana hisses angrily.
The ice beast closely misses you.
You claw the ice beast! The ice beast misses you.
The orc wizard shouts!
You claw the ice beast!
You claw the ice beast, but do no damage.
The ice beast hits you but does no damage.
The orc wizard mumbles some strange words.
The orc wizard seems to speed up.
Joseph drinks a potion.
Joseph flickers and vanishes!
Deactivating autopickup; reactivate with Ctrl-A.
You closely miss the ice beast.
The ice beast hits you but does no damage.
You barely miss the ice beast. The ice beast misses you.
You claw the ice beast!
You kill the ice beast!
Makhleb accepts your kill.
You feel better.
You regained 5 hp, and now have 86/98 hp.
You scratch the orc priest. The orc priest closely misses you.
The orc wizard casts a spell.
The orc wizard blinks!
You scratch the orc priest. The orc priest barely misses you.
Unknown command.
You barely miss the orc priest. Your claw misses the orc priest.
You mangle the orc priest!!
You kill the orc priest!
Makhleb accepts your kill.
You feel better.
You regained 3 hp, and now have 91/98 hp.
The orc barely misses you. The iguana completely misses you.
Things that are here:
a falchion; a ring mail You claw the iguana!
The orc closely misses you. The iguana bites you.
You take 4 damage, and have 88/98 hp.
You claw the iguana!
You kill the iguana!
Makhleb accepts your kill.
You feel better.
The orc hits you with a mace of draining.
You feel drained.
You claw the orc!
You kill the orc!
Makhleb accepts your kill. Something hits you!
You take 11 damage, and have 78/98 hp.
You miss something. You claw something!! Something hits you!
You take 11 damage, and have 67/98 hp.
You claw something!
The orc wizard casts a spell.
The orc wizard blinks!
Something hits you!
You take 7 damage, and have 60/98 hp.
You scratch something.
The orc wizard points at you and mumbles some strange words.
The magic dart hits you! Something hits you!
You take 17 damage, and have 43/98 hp.
You barely miss something. Something hits you.
You take 5 damage, and have 38/98 hp.
You miss something.
The orc wizard casts a spell.
The orc wizard blinks!
Something hits you!
You take 8 damage, and have 30/98 hp.
You scratch something but do no damage. Something hits you!
* * * LOW HITPOINT WARNING * * *
You take 14 damage, and have 16/98 hp.
You miss something. You claw something! Something hits you!
You die...

##...###.....#
#.....)).....##.
####.#..####....#>.
.......## #....#.#
.....### #....#.# .
#..)..### ###.##.# ...
........# #.# .##..§.
...###### ##.##.......
...##########...@)......
...............##{.o.#.#
##............## ......#
#.########... .......
#.# ...## ....... ##.#
#.## .?..... ...# #.
....... (### ....... †#


You could see an orc wizard.

Vanquished Creatures
  Pikel (D:6)
  Maurice (D:8)
  The ghost of VoxSomniator the Caller, an amateur TeSu of Vehumet (D:4)
  Eustachio (D:5)
  A hippogriff (D:8)
  A steam dragon (D:7)
  A hungry ghost (D:8)
  3 ice beasts
  A black bear (D:6)
  2 ogres
  3 sky beasts
  A centaur (D:8)
  3 elf zombies (Ossuary)
  A gnoll sergeant (D:6)
  6 killer bees (D:7)
  A scorpion (D:5)
  4 electric eels (D:7)
  4 crimson imps
  A human zombie (Ossuary)
  3 hounds
  4 orc priests
  A jelly (D:5)
  5 orc wizards
  2 iguanas
  3 worker ants
  3 big kobold zombies (Ossuary)
  2 hound skeletons
  2 mummies (Ossuary)
  5 gnolls (D:6)
  A howler monkey skeleton (D:8)
  7 adders
  A shadow imp (D:8)
  3 worms
  A dart slug (D:3)
  3 giant geckos
  20 orcs
  2 ball pythons
  A bat (D:1)
  A giant cockroach (D:4)
  7 goblins
  5 hobgoblins
  13 jackals
  5 quokkas
  6 giant newts
  4 gnoll zombies
  4 hobgoblin zombies (Ossuary)
  3 kobolds (D:2)
  An orc zombie (Ossuary)
  A quokka skeleton (D:7)
  A quokka zombie (D:7)
  2 rats
159 creatures vanquished.

Notes
Turn   | Place    | Note
--------------------------------------------------------------
     0 | D:1      | tyvek the Troll Monk began the quest for the Orb.
     0 | D:1      | Reached XP level 1. HP: 22/22 MP: 0/0
   467 | D:1      | Reached XP level 2. HP: 29/29 MP: 1/1
   733 | D:2      | Found a radiant altar of Vehumet.
   734 | D:2      | Found a burning altar of Makhleb.
   744 | D:2      | Became a worshipper of Makhleb the Destroyer
   744 | D:2      | Reached * piety under Makhleb
   744 | D:2      | Reached ** piety under Makhleb
  1166 | D:3      | Reached XP level 3. HP: 36/36 MP: 2/2
  1400 | D:3      | Reached XP level 4. HP: 44/44 MP: 3/3
  1443 | D:3      | Reached skill level 5 in Unarmed Combat
  1485 | D:3      | Found a shattered altar of Ashenzari.
  1585 | D:3      | Reached skill level 3 in Dodging
  1741 | D:3      | Reached skill level 1 in Invocations
  1746 | D:3      | Reached skill level 3 in Fighting
  1746 | D:3      | Reached XP level 5. HP: 39/53 MP: 4/4
  1996 | D:4      | Noticed VoxSomniator's ghost (amateur TeSu)
  2003 | D:4      | Killed VoxSomniator's ghost
  2003 | D:4      | Reached XP level 6. HP: 47/61 MP: 4/6
  2007 | D:4      | Reached skill level 2 in Invocations
  2185 | D:4      | Reached *** piety under Makhleb
  2235 | D:4      | Reached skill level 6 in Unarmed Combat
  2289 | D:4      | Found an opulent altar of Gozag.
  2554 | D:4      | Found a white marble altar of Elyvilon.
  2699 | D:5      | Entered Level 5 of the Dungeon
  2706 | D:5      | Noticed a sky beast
  2720 | D:5      | HP: 14/61 [something (2)]
  2725 | D:5      | Killed a sky beast
  2725 | D:5      | Reached XP level 7. HP: 22/68 MP: 7/7
  2792 | D:5      | Found a bloodstained altar of Trog.
  2825 | D:5      | Noticed Eustachio
  2834 | D:5      | Reached skill level 4 in Fighting
  2899 | D:5      | Killed Eustachio
  2899 | D:5      | Reached skill level 4 in Dodging
  2899 | D:5      | Reached skill level 7 in Unarmed Combat
  3041 | D:5      | Reached skill level 3 in Invocations
  3092 | D:5      | Reached XP level 8. HP: 78/78 MP: 9/9
  3100 | D:5      | Found a sand-covered staircase.
  3207 | Ossuary  | Entered an ossuary
  3259 | Ossuary  | Reached **** piety under Makhleb
  3551 | D:5      | Reached skill level 4 in Invocations
  3554 | D:5      | Reached skill level 8 in Unarmed Combat
  3954 | D:6      | Reached skill level 5 in Fighting
  3981 | D:6      | Found a basalt altar of Yredelemnul.
  4097 | D:6      | Found a shimmering altar of Xom.
  4107 | D:6      | Noticed Pikel
  4112 | D:6      | Killed Pikel
  4112 | D:6      | Reached skill level 5 in Dodging
  4112 | D:6      | Reached XP level 9. HP: 83/88 MP: 11/11
  4251 | D:6      | Found an iron altar of Okawaru.
  4325 | D:7      | Found a staircase to the Ecumenical Temple.
  4334 | Temple   | Entered the Ecumenical Temple
  4444 | D:7      | Reached skill level 9 in Unarmed Combat
  4553 | D:7      | Reached skill level 5 in Invocations
  4777 | D:7      | Reached ***** piety under Makhleb
  4976 | D:7      | Found a glowing silver altar of Zin.
  5008 | D:7      | You fall through a shaft!
  5665 | D:8      | Noticed Maurice
  5677 | D:8      | Killed Maurice
  5677 | D:8      | Reached skill level 10 in Unarmed Combat
  5677 | D:8      | Reached XP level 10. HP: 98/98 MP: 13/13
  5702 | D:8      | Reached skill level 6 in Dodging
  5751 | D:8      | Noticed Joseph
  5776 | D:8      | HP: 16/98 [something (15)]
  5778 | D:8      | Slain by Joseph

Vault maps used:
D:1:      tarquinn_simple_flora_water_d
D:2:      gammafunk_temple_overflow_statue
D:3:      ashenzari_altar_1, item_on_display_b
D:4:      nicolae_gozag_seed_capital, st_stairs_3, elyvilon_altar_5
D:5:      lemuel_round_altar, first_bread, nicolae_ossuary_entry_ruins,
          minmay_misc_feat_hallway, uniq_eustachio
D:6:      lemuel_zombie_altar_yredelemnul, xom_teletrap_fun,
          nicolae_overflow_hidden_temple, uniq_pikel
D:7:      minmay_temple_entry_overgrown, serial_bayou, serial_bayou_crossing,
          serial_bayou_lagoon_a, serial_bayou_pond_d, serial_bayou_shore_a,
          serial_bayou_pond_d, basic_altar
D:8:      uniq_maurice, uniq_joseph
Temple:   jpeg_temple_clearing_12
Ossuary:  minmay_ossuary_gauntlet

Skill      XL: |  1  2  3  4  5  6  7  8  9 10 |
---------------+-------------------------------+-----
Unarmed Combat | 5 6 7 8 10 | 10.1
Dodging        | 3 4 5 6 |  6.0
Invocations    | 1 2 3 4 5 |  5.7
Fighting       | 3 4 5 |  5.9
Stealth        | |  1.1

Action                   |  1- 3 |  4- 6 |  7- 9 | 10-12 || total
-------------------------+-------+-------+-------+-------++-------
Melee: Unarmed           |    53 |   103 |   317 |    32 ||   505
       Punch             |       |     4 |     9 |     2 ||    15
  Use: Potion            |       |     1 |       |       ||     1
       Scroll            |       |       |    13 |       ||    13
 Stab: Sleeping          |     4 |     1 |     2 |       ||     7
       Distracted        |       |       |       |     1 ||     1
  Eat: Chunk             |     8 |    19 |    21 |     9 ||    57
       Royal jelly       |     1 |       |       |       ||     1
       Beef jerky        |       |       |     1 |       ||     1
Armor: Robe              |    11 |    39 |    89 |     2 ||   141
Dodge: Dodged            |    22 |    44 |   168 |    10 ||   244

Vault maps used:
D:1:      tarquinn_simple_flora_water_d
D:2:      gammafunk_temple_overflow_statue
D:3:      ashenzari_altar_1, item_on_display_b
D:4:      nicolae_gozag_seed_capital, st_stairs_3, elyvilon_altar_5
D:5:      lemuel_round_altar, first_bread, nicolae_ossuary_entry_ruins,
          minmay_misc_feat_hallway, uniq_eustachio
D:6:      lemuel_zombie_altar_yredelemnul, xom_teletrap_fun,
          nicolae_overflow_hidden_temple, uniq_pikel
D:7:      minmay_temple_entry_overgrown, serial_bayou, serial_bayou_crossing,
          serial_bayou_lagoon_a, serial_bayou_pond_d, serial_bayou_shore_a,
          serial_bayou_pond_d, basic_altar
D:8:      uniq_maurice, uniq_joseph
Temple:   jpeg_temple_clearing_12
Ossuary:  minmay_ossuary_gauntlet

Table legend:
 A = Turns spent in this place as a percentage of turns spent in the entire game.
 B = Non-inter-level travel turns spent in this place as a percentage of non-inter-level travel turns spent in the entire game.
 C = Inter-level travel turns spent in this place as a percentage of turns spent in this place.
 D = Turns resting spent in this place as a percentage of non-inter-level travel turns spent in this place.
 E = Turns spent auto-exploring this place as a percentage of non-inter-level travel turns spent in this place.
 F = Non-inter-level travel turns spent in this place divided by the number of levels of this place that you've seen.
                   A       B       C       D       E      F
               +-------+-------+-------+-------+-------+----------------------
         Total | 100.0 | 100.0 |   0.6 |   0.8 |  14.6 | 179.4
       Dungeon |  92.1 |  92.1 |   0.5 |   0.8 |  14.8 | 206.5
        Temple |   0.8 |   0.8 |   6.7 |   0.0 | 100.0 |  14.0
       Ossuary |   7.1 |   7.1 |   0.0 |   0.0 |   3.1 | 128.0
               +-------+-------+-------+-------+-------+----------------------

Table legend:
 A = Kills in this place as a percentage of kills in entire the game.
 B = Kills by you in this place as a percentage of kills by you in the entire game.
 C = Kills by friends in this place as a percentage of kills by friends in the entire game.
 D = Other kills in this place as a percentage of other kills in the entire game.
 E = Experience gained in this place as a percentage of experience gained in the entire game.
 F = Experience gained in this place divided by the number of levels of this place that you have seen.
                   A       B       C       D       E      F
               +-------+-------+-------+-------+-------+----------------------
         Total | 100.0 | 100.0 |  -nan |  -nan | 100.0 | 583.8
       Dungeon |  89.9 |  89.9 |  -nan |  -nan |  92.6 | 675.6
       Ossuary |  10.1 |  10.1 |  -nan |  -nan |   7.4 | 433.0
               +-------+-------+-------+-------+-------+----------------------
